 Dungeon Crawl Stone Soup version 0.16-a0-3496-g6490362 (webtiles) character file.

227 Kemay the Changer (level 5, -7/40 HPs)
             Began as a Draconian Transmuter on Jan 5, 2015.
             Mangled by Edmund
             ... wielding a +2 flail of protection
              (12 damage)
             ... on level 4 of the Dungeon.
             The game lasted 00:08:40 (3204 turns).

Kemay the Changer (Draconian Transmuter)            Turns: 3204, Time: 00:08:40

Health: -7/40      AC:  5    Str: 17    XL:     5   Next: 70%
Magic:  2/9        EV: 12    Int: 15    God:
Gold:   209        SH:  0    Dex: 14    Spells: 3 memorised, 3 levels left

rFire  . . .     SeeInvis .       - Unarmed
rCold  . . .     Clarity  +     (armour unavailable)
rNeg   . . .     SustAb   .     (no shield)
rPois  .         Gourm    .     (helmet restricted)
rElec  .         Spirit   .     (no cloak)
rCorr  .         Warding  .     (no gloves)
rMut   .         Stasis   .     (no boots)
MR     +....                    (no amulet)
Stlth  +.........               m - +3 ring of dexterity
                                l - ring of protection from magic

@: mighty, very slightly contaminated, somewhat resistant to hostile
enchantments, very unstealthy
A: unfitting armour, clarity, cold-blooded, AC +5
a: no special abilities


You were on level 4 of the Dungeon.
You were hungry.

You visited 1 branch of the dungeon, and saw 4 of its levels.

You collected 209 gold pieces.

Inventory:

Hand weapons
 n - a +0 blowgun
Missiles
 k - 5 tomahawks (quivered)
Jewellery
 l - a ring of protection from magic (left hand)
 m - a +3 ring of dexterity (right hand)
Scrolls
 f - 2 scrolls of identify
Potions
 b - a potion of brilliance
 e - 2 potions of might
 j - a potion of curing
 o - 2 potions of cure mutation
Books
 d - a book of Changes

   Spells                             Type                      Level
   a - Beastly Appendage              Transmutation                1
   b - Sticks to Snakes               Transmutation                2
   c - Spider Form                    Transmutation/Poison         3
   d - Ice Form                       Ice/Transmutation            4
   e - Blade Hands                    Transmutation                5
 h - a book of Debilitation

   Spells                             Type                      Level
   a - Corona                         Hexes                        1
   b - Slow                           Hexes                        2
   c - Inner Flame                    Hexes/Fire                   3
   d - Enslavement                    Hexes                        4
   e - Cause Fear                     Hexes                        4
   f - Leda's Liquefaction            Hexes/Earth                  4
Comestibles
 a - 2 bread rations
 c - a beef jerky
 g - 3 meat rations
 i - 2 royal jellies
 p - 3 chunks of flesh


   Skills:
 + Level 1.2 Fighting
 - Level 1.7 Dodging
 + Level 3.1 Unarmed Combat
 - Level 2.0 Spellcasting
 - Level 4.8 Transmutations
 - Level 3.1 Poison Magic


You had 3 spell levels left.
You knew the following spells:

 Your Spells              Type           Power        Failure   Level  Hunger
a - Beastly Appendage     Trmt           ###...       3%          1    #......
b - Spider Form           Trmt/Pois      ##........   17%         3    ###....
c - Corona                Hex            #......      21%         1    #......


Dungeon Overview and Level Annotations

Branches:
Dungeon (4/15)
 Temple: D:4-7

Altars:
Yredelemnul

Annotations:
D:4 Edmund


Innate Abilities, Weirdness & Mutations

Your plain brown scales are hard (AC +5).
Your body does not fit into most forms of armour.
Your cold-blooded metabolism reacts poorly to cold.
You possess an exceptional clarity of mind.


Message History

The gnoll barely misses you. Edmund hits you but does no damage.
The gnoll barely misses you.
You closely miss Edmund.
Edmund is moderately wounded.
The gnoll barely misses you.
Edmund hits you with a flail of protection!
The gnoll misses you.
You hit Edmund. You tail-slap Edmund!
Edmund is severely wounded.
The gnoll hits you from afar with a spear!
The gnoll misses you. Edmund closely misses you.
You hit Edmund but do no damage.
Edmund is severely wounded.
The gnoll hits you from afar with a spear.
The gnoll hits you!
* * * LOW HITPOINT WARNING * * *
You hit Edmund. You tail-slap Edmund, but do no damage.
Edmund is severely wounded.
Edmund hits you with a flail of protection!
You die...

.....### ###.##..##..)
#....######.รท.###.##...
#........#.### #..#...
#........#.# #.....
#..........### ##....
.###..............# #....
w..g...gw......#...##....
####.###g###.............
#. #@# #......#####.. ##
#@# #......# #.. ..#
#...... #.# #.## #.....
#.# .....#.. #.. #..
##........# #..
#.<........ ..#
#.........# ..
#%........# .


You could see Edmund, a worm and 2 gnolls.

Vanquished Creatures
  An ogre (D:4)
  A hound (D:3)
  A gnoll (D:4)
  3 adders
  2 worms
  3 oozes
  An orc (D:3)
  8 bats
  3 giant cockroaches
  12 goblins
  8 hobgoblins
  A ball python (D:4)
  A giant gecko (D:2)
  9 giant newts
  5 kobolds
  6 quokkas
  3 rats
68 creatures vanquished.

Notes
Turn   | Place    | Note
--------------------------------------------------------------
     0 | D:1      | Kemay, the Draconian Transmuter, began the quest for the Orb.
     0 | D:1      | Reached XP level 1. HP: 16/16 MP: 3/3
   252 | D:1      | Reached XP level 2. HP: 23/23 MP: 2/4
  1203 | D:2      | Reached XP level 3. HP: 26/28 MP: 4/6
  1208 | D:2      | Learned a level 1 spell: Corona
  1215 | D:2      | Learned a level 3 spell: Spider Form
  1304 | D:2      | Reached skill level 1 in Poison Magic
  1528 | D:2      | Gained mutation: You possess an exceptional clarity of mind. [potion of beneficial mutation]
  1771 | D:2      | Found a basalt altar of Yredelemnul.
  1885 | D:2      | Reached XP level 4. HP: 32/35 MP: 7/7
  2218 | D:3      | Reached skill level 4 in Transmutations
  2802 | D:4      | Noticed Edmund
  3039 | D:4      | Noticed an ogre
  3047 | D:4      | Killed an ogre
  3047 | D:4      | Reached XP level 5. HP: 40/40 MP: 1/9
  3204 | D:4      | Mangled by Edmund

Action                   |  1- 3 |  4- 6 || total
-------------------------+-------+-------++-------
Melee: Unarmed           |   163 |   100 ||   263
Throw: Tomahawk          |       |    10 ||    10
 Cast: Beastly Appendage |    14 |     7 ||    21
       Spider Form       |       |     2 ||     2
 Abil: End Transformatio |     2 |       ||     2
  Use: Scroll            |     4 |     4 ||     8
       Potion            |     1 |     1 ||     2
 Stab: Sleeping          |     1 |       ||     1
  Eat: Chunk             |     4 |     4 ||     8
